 Dungeon Crawl Stone Soup version 0.28-a0-751-gef3a642a4e (webtiles) character file.

Game seed: 15445212850331810679

37 flotson the Sneak (level 3, 0/29 HPs)
             Began as a Demonspawn Delver on Oct 30, 2021.
             Succumbed to a scorpion's poison
             ... on level 3 of the Dungeon.
             The game lasted 00:02:06 (800 turns).

flotson the Sneak (Demonspawn Delver)                Turns: 800, Time: 00:02:06

Health: 0/29       AC:  5    Str: 13    XL:     3   Next: 21%
Magic:  3/3        EV: 11    Int: 11    God:
Gold:   42         SH:  0    Dex: 14    Spells: 2/2 levels left

rFire   . . .      SeeInvis .   a - +0 hand axe
rCold   . . .      Faith    .   (no shield)
rNeg    . . .      Spirit   .   j - +0 ring mail
rPois   .          Reflect  .   (no helmet)
rElec   .          Harm     .   (no cloak)
rCorr   .          Rampage  .   (no gloves)
Will    .....                   (no boots)
Stlth   ++........              (no amulet)
HPRegen 0.09/turn               (no ring)
MPRegen 0.08/turn               (no ring)

@: lethally poisoned (0 -> -8), flying
A: ignite blood 1
a: no special abilities


You were on level 3 of the Dungeon.
You visited 2 branches of the dungeon, and saw 4 of its levels.

You collected 42 gold pieces.

Inventory:

Hand Weapons
 a - a +0 hand axe (weapon)
Armour
 j - a +0 ring mail (worn)
Wands
 e - a wand of flame (9)
 g - a wand of digging (2)
Scrolls
 c - a scroll of fog
 f - a scroll of identify
 h - a scroll of noise


   Skills:
 + Level 3.3 Fighting
 + Level 2.2 Axes
 + Level 1.1 Armour
 + Level 2.2 Dodging
 - Level 4.5 Stealth


You had 2 spell levels left.
You didn't know any spells.
Your spell library was empty.

Dungeon Overview and Level Annotations

Branches:
Dungeon (5/15)             Temple (1/1) D:4

Altars:
Fedhas
Gozag
Hepliaklqana
Trog
Uskayaw
Vehumet


Innate Abilities, Weirdness & Mutations

Your demonic aura sometimes causes spilled blood to erupt in flames.


Message History

Press: ? - help, Shift-Dir - straight line A rock wall.
The rock shatters into small pieces.
The scorpion closely misses you. x2
Found 7 gold pieces.
An endoplasm comes into view.
The endoplasm moves out of view.
The scorpion stings you.
You are poisoned.
The scorpion poisons you!
You feel sick.
Things that are here:
7 gold pieces; 21 arrows It was a potion of flight.
You feel very buoyant.
You fly up into the air.
You feel sick. The scorpion barely misses you.
It was a potion of heal wounds.
You feel much better.
You feel sick.
The scorpion stings you but does no damage.
You feel sick. The scorpion stings you.
You are more poisoned.
The scorpion poisons you!
You feel very sick.
You feel very sick.
You feel sick.
You feel sick.
You feel sick.
You feel sick.
You feel sick.
You feel sick.
You feel sick.
You feel sick.
You are no longer poisoned.
The scorpion stings you.
* * * LOW HITPOINT WARNING * * *
You are lethally poisoned!
The scorpion poisons you!
* * * LOW HITPOINT WARNING * * *
You feel very sick.
* * * LOW HITPOINT WARNING * * *
You feel very sick.
You die...

#.....##....#
##.#........#
#.#.####...#
#.#.#.....##
#.#.....#.#
#.......#.#
+..sJ...#
#......##
###@#### #.#
..# ....
#.... #.....
#.....
#......


You could see a scorpion and an endoplasm (wandering).

Vanquished Creatures
  A bullfrog skeleton (D:4)
  2 endoplasms (D:4)
  A goblin (D:4)
  2 hobgoblins (D:4)
  3 kobolds
9 creatures vanquished.

Vanquished Creatures (others)
  6 plants (D:4)
6 creatures vanquished.

Grand Total: 15 creatures vanquished

Notes
Turn   | Place    | Note
-------+----------+-------------------------------------------
     0 | D:5      | flotson the Demonspawn Delver began the quest for the Orb.
     0 | D:5      | Reached XP level 1. HP: 18/18 MP: 1/1
    20 | D:5      | Noticed a water moccasin
    58 | D:4      | Noticed a necrophage
    66 | D:5      | Found a radiant altar of Vehumet.
   423 | D:4      | Reached skill level 1 in Armour
   423 | D:4      | Gained mutation: Your demonic aura sometimes causes spilled
                  | blood to erupt in flames. [demonic ancestry]
   423 | D:4      | Reached XP level 2. HP: 19/24 MP: 2/2
   423 | D:4      | Reached XP level 3. HP: 23/29 MP: 3/3
   521 | D:4      | Found a staircase to the Ecumenical Temple.
   528 | Temple   | Entered the Ecumenical Temple
   754 | D:3      | Noticed a scorpion
   800 | D:3      | Succumbed to a scorpion's poison

Illustrated notes

Levels and vault maps discovered:
D:3:      layout_basic, zin_scriptorium, moated_statue,
          kennysheep_generic_room_16
D:4:      layout_loops_ring, minmay_temple_entry_gardened_gates,
          chequers_serial_rivers_micro_a
D:5:      layout_gridville, vehumet_altar_wand_db
Temple:   nicolae_temple_figure_zero

Skill      XL: |  1 |
---------------+----+-----
Axes           | 2 |  2.2
Armour         | 1 |  1.1
Dodging        | 2 |  2.2
Fighting       | |  3.3
Stealth        | |  4.5

Action                   || total
-------------------------++-------
Melee: Hand axe          ||    42
Evoke: Wand              ||     1
  Use: Scroll            ||     4
       Potion            ||     3
 Stab: Sleeping          ||     4
Armor: Leather armour    ||     7
       Ring mail         ||     5
Dodge: Dodged            ||    32

Table legend: (Time is in decaauts)
 A = Elapsed time spent in this place.
 B = Non-inter-level travel time spent in this place.
 C = Inter-level travel time spent in this place.
 D = Time resting spent in this place.
 E = Time spent auto-exploring this place.
 F = Levels seen in this place.
 G = Mean time per level.
                   A        B        C        D        E       F      G
               +--------+--------+--------+--------+--------+-----+--------+
         Total |    796 |    785 |     11 |     90 |    455 |   4 |  199.0 |
       Dungeon |    703 |    702 |      1 |     90 |    380 |   3 |  234.3 |
        Temple |     92 |     82 |     10 |      0 |     75 |   1 |   92.0 |
               +--------+--------+--------+--------+--------+-----+--------+

Top non-repeatable levels by time:
     D:4: 515 daAuts
     D:5: 141 daAuts
  Temple: 92 daAuts
     D:3: 46 daAuts
